Map: Dusk Towers

Players

TOP

  • Race: Terran Terran

FireCake - Winner!

  • Race: Zerg Zerg
  • League: Grandmaster

Event: Gauntlet LotV Series 1 Qualifier 2

VOD

Have the link to the VOD?

Description

Time

  • Played on: Dec. 5, 2015, 3:40 p.m.
  • Length: 11:00

All games in this series

Show
View Real Time Build Order
Export as new Build Order

TOP Terran 

Build Orders: Reaper Expand, MMM Bio 

Get SALT Encoding   

  12  0:01  SCV  
  13  0:13  SCV  
  14  0:18  Supply Depot  
  14  0:25  SCV  
  15  0:40  SCV  
  15  0:41  Barracks  
  16  0:43  Refinery  
  16  0:52  SCV  
  17  1:04  SCV  
  18  1:16  SCV  
  19  1:28  Reaper, Orbital Command  
  20  1:40  Command Center  
  20  1:50  Supply Depot  
  20  1:54  SCV  
  20  2:01  Barracks Reactor  
  21  2:06  SCV  
  22  2:21  Command Center  
  22  2:29  Factory  
  22  2:36  SCV  
  23  2:37  Marine x2  
  25  2:45  Refinery  
  25  2:52  Orbital Command  
  25  2:54  SCV  
  26  2:59  Marine  
  27  3:06  SCV  
  28  3:18  SCV  
  28  3:19  Starport  
  29  3:26  SCV  
  29  3:29  Barracks Tech Lab  
  29  3:30  SCV  
  29  3:33  Orbital Command  
  30  3:36  Hellion x2  
  30  3:39  SCV  
  35  3:44  SCV  
  36  3:51  SCV  
  37  3:59  Hellion x2  
  37  4:00  SCV  
  42  4:04  SCV  
  42  4:06  Orbital Command  
  42  4:08  Banshee, Cloaking Field  
  46  4:10  Barracks Tech Lab  
  46  4:12  SCV  
  46  4:15  Supply Depot  
  46  4:16  SCV  
  48  4:25  SCV  
  48  4:27  Refinery  
  48  4:28  Refinery  
  48  4:29  SCV  
  50  4:31  Marine  
  50  4:32  Stimpack  
  50  4:37  SCV  
  52  4:40  SCV, Engineering Bay  
  52  4:41  SCV, Engineering Bay  
  54  4:49  SCV, Marine  
  57  4:56  Factory Tech Lab  
  57  4:57  Banshee  
  57  4:58  Barracks  
  57  4:59  SCV  
  61  5:00  SCV  
  59  5:08  Barracks  
  59  5:09  SCV  
  59  5:12  SCV  
  59  5:13  Marine  
  62  5:17  SCV  
  62  5:19  Siege Tank  
  66  5:22  SCV  
  66  5:25  Barracks  
  66  5:26  SCV  
  68  5:28  Barracks  
  68  5:35  SCV  
  69  5:38  Supply Depot  
  69  5:39  Terran Infantry Weapons Level 1, Supply Depot  
  69  5:41  Terran Infantry Armor Level 1  
  69  5:51  Starport Reactor  
  69  5:54  Supply Depot  
  69  6:00  SCV x3, Siege Tank  
  69  6:01  Barracks Reactor  
  69  6:02  Marine  
  69  6:03  Supply Depot, Marine x2  
  78  6:12  SCV x3  
  78  6:14  Supply Depot  
  81  6:20  Marine x2  
  81  6:21  Marine  
  81  6:24  Barracks Reactor x2, SCV x3  
  87  6:29  Medivac x2  
  91  6:33  Combat Shields  
  91  6:36  SCV x3  
  91  6:37  Marine x2  
  91  6:38  Marine x2  
  98  6:42  Missile Turret  
  98  6:44  Marine  
  99  6:49  Supply Depot  
  99  6:52  Supply Depot  
  99  6:55  Marine x2  
  99  6:56  Marine x2  
  99  6:57  Supply Depot  
  103  7:02  Supply Depot, Marine  
  103  7:05  Marine x4  
  102  7:12  Medivac x2  
  102  7:13  Marine x2  
  112  7:21  Marauder  
  112  7:22  Marine  
  99  7:31  Siege Tank, Marine x2  
  99  7:35  Marine  
  95  7:37  Marine  
  95  7:40  Marine x2  
  95  7:42  Marauder  
  91  7:46  Marine x2  
  91  7:49  Marine x2  
  88  7:53  Marine  
  88  8:02  Orbital Command  
  88  8:03  Siege Tank, Marauder  
  81  8:05  Marine  
  81  8:06  Marine  
  81  8:07  Marine x2  
  74  8:15  Marine x2  
  74  8:16  Orbital Command  
  74  8:18  Marine x2  
  77  8:23  Marine  
  77  8:25  Marine, Marauder  
  75  8:41  Marine x5  
  76  8:42  Marine x2  
  76  8:43  Marine  
  76  8:46  Marauder  
  85  8:50  Orbital Command  
  79  8:58  Marine  
  79  8:59  Marine x4  
  83  9:04  Marine  
  83  9:08  Marauder  
  85  9:12  Concussive Shells  
  85  9:19  Armory, Siege Tank  
  85  9:23  Barracks, Marine x4  
  87  9:25  Factory  
  87  9:29  Marauder  
  89  9:32  Marine x4  
  93  9:44  SCV x3  
  96  9:47  Marine x2  
  96  9:50  Marauder  
  96  9:51  Siege Tank  
  93  9:53  Marine x4  
  93  9:54  Marine x2  
  93  9:56  SCV  
  100  10:05  Marine x2  
  102  10:11  Marine x2  
  102  10:12  Marauder, Marine x2  
  100  10:20  Marine  
  100  10:21  Marine  
  84  10:22  Marine  
  84  10:26  Marine  
  72  10:31  Marine  
  72  10:33  Marine, Marauder  
  63  10:36  Marine  
  63  10:42  Marine  
Show
View Real Time Build Order
Export as new Build Order

FireCake Zerg - Winner!

Build Orders: Pool First 

Get SALT Encoding   

  12  0:01  Drone  
  13  0:08  Drone  
  14  0:17  Overlord  
  14  0:22  Extractor  
  14  0:23  Drone  
  15  0:35  Drone x2  
  17  0:47  Spawning Pool  
  17  0:48  Drone  
  17  1:09  Hatchery  
  17  1:10  Drone  
  17  1:15  Drone, Extractor  
  17  1:21  Drone  
  18  1:34  Queen  
  18  1:35  Zergling x2  
  18  1:38  Drone  
  22  1:48  Overlord  
  22  2:06  Drone  
  23  2:10  Queen  
  25  2:19  Drone  
  25  2:20  Queen  
  25  2:22  Drone x2  
  30  2:34  Evolution Chamber  
  30  2:42  Overlord  
  30  2:44  Drone  
  30  2:45  Drone x5  
  35  2:59  Overlord  
  35  3:06  Hatchery  
  35  3:08  Drone x3  
  37  3:14  Overlord  
  37  3:18  Drone  
  37  3:19  Roach Warren  
  37  3:24  Spore Crawler  
  37  3:27  Drone x5  
  42  3:37  Drone  
  43  3:49  Queen  
  45  3:57  Drone x2  
  45  3:58  Drone x2  
  45  3:59  Roach x4  
  57  4:02  Extractor  
  57  4:03  Lair  
  57  4:04  Extractor  
  57  4:08  Overlord  
  55  4:14  Overlord  
  55  4:23  Extractor  
  54  4:29  Drone x9  
  63  4:43  Evolution Chamber  
  63  4:45  Evolution Chamber, Drone x3  
  64  4:50  Drone x2  
  66  4:57  Overlord  
  66  4:58  Overlord  
  66  5:00  Drone x9  
  66  5:02  Glial Reconstitution  
  66  5:04  Overseer  
  75  5:08  Roach  
  75  5:09  Roach x2  
  81  5:16  Spore Crawler  
  81  5:18  Overseer  
  80  5:21  Spore Crawler  
  80  5:22  Extractor x2  
  80  5:23  Spore Crawler  
  80  5:24  Drone x2  
  80  5:25  Drone  
  80  5:28  Zerg Missile Weapons Level 1, Zerg Ground Armor Level 1  
  79  5:35  Drone x3  
  81  5:37  Drone x5  
  81  5:38  Drone  
  81  5:39  Drone  
  88  5:47  Drone x3  
  88  5:48  Drone x2  
  93  5:59  Pneumatized Carapace  
  93  6:01  Overlord  
  93  6:02  Overlord x2  
  95  6:11  Roach  
  95  6:13  Overlord x2  
  95  6:15  Overlord x2  
  95  6:19  Roach  
  95  6:20  Roach x4  
  105  6:31  Roach  
  105  6:32  Roach x4  
  115  6:38  Overlord x2  
  115  6:39  Roach x7  
  129  6:48  Roach x3  
  135  6:54  Overlord  
  135  6:55  Roach x2  
  135  6:56  Ravager  
  135  6:57  Ravager x6  
  146  7:06  Roach x3  
  146  7:08  Ravager x3  
  153  7:12  Roach x5  
  153  7:13  Roach  
  153  7:14  Overlord  
  153  7:15  Overlord x2  
  148  7:38  Roach  
  148  7:39  Roach x5  
  151  7:45  Roach  
  151  7:46  Roach x8  
  157  7:54  Roach x2  
  158  8:02  Roach  
  160  8:10  Roach x3  
  151  8:17  Roach x2  
  151  8:18  Hatchery  
  148  8:21  Hatchery, Hydralisk Den, Zerg Missile Weapons Level 2  
  148  8:22  Zerg Ground Armor Level 2  
  148  8:26  Roach x6  
  142  8:53  Extractor  
  137  8:56  Hydralisk x10, Extractor  
  152  9:04  Roach  
  152  9:05  Roach x4  
  156  9:22  Roach x7  
  170  9:30  Roach  
  172  9:42  Roach x12  
  198  9:52  Roach  
  198  9:53  Roach  
  189  10:14  Roach  
  189  10:15  Roach x6  
  183  10:26  Roach x11  
  181  10:33  Roach x4  
  182  10:40  Roach x3  
Tags
 
Add a new tag
Caveats
  • Supply blocks, unpowered buildings, or Contaminate may cause inaccurate times.
  • Supply counts are checked every 10 seconds.